 Dungeon Crawl Stone Soup version 0.29-a0-721-g7f417c9bbb (webtiles) character file.

Game seed: 17660414695981701979

1640 avis the Chiller (level 8, -1/56 HPs)
             Began as a Demigod Ice Elementalist on June 28, 2022.
             Slain by Pikel
             ... wielding a +2 whip of freezing
              (12 damage)
             ... on level 5 of the Dungeon.
             The game lasted 00:42:25 (6041 turns).

avis the Chiller (Demigod Ice Elementalist)         Turns: 6041, Time: 00:42:27

Health: -1/56      AC: 11    Str:  9    XL:     8   Next: 39%
Magic:  11/15      EV: 13    Int: 15    God:
Gold:   220        SH:  0    Dex: 22    Spells: 6/13 levels left

rFire   . . .      SeeInvis .   a - +1 rapier (venom)
rCold   . . .      Faith    .   (no shield)
rNeg    . . .      Spirit   .   h - +0 robe
rPois   +          Reflect  .   (no helmet)
rElec   .          Harm     .   (no cloak)
rCorr   .          Rampage  .   k - +1 Delatra's gloves {ID++}
Will    .....      Clarity  +   (no boots)
Stlth   +++.......              (no amulet)
HPRegen 0.18/turn               y - ring of flight
MPRegen 0.14/turn               (no ring)

@: ice-armoured, flying
A: high MP 1, forlorn, divine attributes, clarity, dopey 1, frail 1, poison
resistance
a: no special abilities


You were on level 5 of the Dungeon.
You visited 1 branch of the dungeon, and saw 5 of its levels.

You collected 220 gold pieces.

Inventory:

Hand Weapons
 a - a +1 rapier of venom (weapon)
 b - a +0 shortbow
 f - a +0 dagger
 g - a +3 hand axe
 j - a +0 long sword
 m - a +3 hand axe
 n - a +0 rapier
 v - a +3 short sword
 w - a +2 dagger of flaming
 z - a +0 sling
 G - a +0 long sword
Missiles
 i - 13 boomerangs
 E - 5 poisoned darts
Armour
 e - a +1 pair of gloves
 h - a +0 robe (worn)
 k - the +1 Delatra's gloves (worn) {ID++}
   (You found it on level 2 of the Dungeon)

   It heals its wearer when they drink unknown potions.
   It restores its wearer's MP when they read unknown scrolls.
Jewellery
 y - a ring of flight (left hand)
 B - a ring of protection from cold
Wands
 s - a wand of polymorph (12)
 A - a wand of light (9)
Scrolls
 c - 2 scrolls of identify {unknown}
 o - a scroll of fog {unknown}
 q - a scroll of immolation {unknown}
 r - a scroll of enchant armour {unknown}
 u - 2 scrolls of fear {unknown}
 x - a scroll of enchant weapon {unknown}
 C - 2 scrolls of teleportation {unknown}
 D - a scroll of poison {unknown}
Potions
 d - a potion of might
 l - 2 potions of magic
 p - a potion of flight
 t - 3 potions of haste


   Skills:
 - Level 3.0 Fighting
 * Level 5.4 Ranged Weapons
 - Level 2.0 Dodging
 - Level 3.0 Stealth
 - Level 3.0 Unarmed Combat
 - Level 3.0 Spellcasting
 - Level 7.0 Ice Magic


You had 6 spell levels left.
You knew the following spells:

 Your Spells              Type           Power      Damage    Failure   Level
a - Freeze                Ice            92%        1d10      1%          1
b - Frozen Ramparts       Ice            46%        1d6       3%          3
o - Ozocubu's Armour      Ice            23%        N/A       3%          3

Your spell library contained the following spells:

 Spells                   Type           Power      Damage    Failure   Level
 Hailstorm                Conj/Ice       12%        3d5       43%         4
 Portal Projectile        Hex/Tloc       4%         N/A       52%         3
 Tukima's Dance           Hex            2%         N/A       52%         3
 Blade Hands              Tmut           1%         N/A       99%         5


Dungeon Overview and Level Annotations

Branches:
Dungeon (5/15)
 Temple: D:4-7

Shops:
D:3 ?

Annotations:
D:2 sling and book in fire
D:5 Pikel


Innate Abilities, Weirdness & Mutations

You have an increased reservoir of magic. (+10% MP)
You shall have no god before yourself.
Your divine heritage dramatically boosts your attributes as you level up.
You possess an exceptional clarity of mind.
You are dopey. (Int -2)
You are frail. (-10% HP)
Your system is resistant to poisons. (rPois)


Message History

Pikel is moderately wounded.
Pikel zaps a wand.
The bolt of light hits you!
You are confused.
Your +1 rapier of venom begins to drip with poison!
a - a +1 rapier of venom (weapon)
It was a potion of mutation.
You feel extremely strange.
You feel frail.
You feel stupid.
You feel resistant to poisons.
Your thoughts seem clearer.
The energy of discovery flows from your fingertips!
You feel much better.
You are too confused!
Pikel zaps a wand.
The bolt of light hits you!
You feel momentarily confused.
Unknown command.
You're too confused to attack without stumbling around!
You feel less confused. Pikel misses you.
You hit Pikel but do no damage.
Pikel is poisoned.
Pikel is moderately wounded.
Pikel zaps a wand.
The bolt of light hits you!!
Pikel hits you with a +2 whip of freezing!
* * * LOW HITPOINT WARNING * * *
Pikel freezes you.
* * * LOW HITPOINT WARNING * * *
Casting: Ozocubu's Armour (dangerous; 3% risk of failure)
Confirm with . or Enter, or press ? or * to list all spells.
Aiming: Freeze (safe; 1% risk of failure)
Press: ? - help, Shift-Dir - straight line, f/p - Pikel
Aim: Pikel, wielding a +2 whip of freezing, wearing a +0 robe and carrying a wand of light (5) (moderately wounded, fast, very poisoned)
You freeze Pikel.
Pikel is moderately wounded.
Pikel hits you but does no damage.
Casting: Freeze (safe; 1% risk of failure)
Confirm with . or Enter, or press ? or * to list all spells.
Aiming: Freeze (safe; 1% risk of failure)
Press: ? - help, Shift-Dir - straight line, f/p - Pikel
Aim: Pikel, wielding a +2 whip of freezing, wearing a +0 robe and carrying a wand of light (5) (moderately wounded, fast, very poisoned)
You freeze Pikel.
Pikel is heavily wounded.
Pikel hits you with a +2 whip of freezing!
You die...

#....#
#........>.#.#
#....
#..........#.#
#..........#.#
#..........#.#
..........#.#
.).......#.#
#.#######.# #..5.
#K# #.# #.... #@#
#.# #.5.. #.# #.#
#...5 #.# #.#
#.... #.# #.#
#.... #.#
#.####.... #.#
#.........
#.################
#..............# #
#...........<#.# #


You could see Pikel (fast, very poisoned).

Vanquished Creatures
  Sigmund (D:3)
  A shadow (D:5)
  An orc warrior (D:5)
  2 ogres (D:5)
  A centaur (D:4)
  3 lemures (D:5)
  Blork the orc (D:5)
  A necrophage (D:5)
  A scorpion (D:4)
  A killer bee (D:4)
  3 jellies (D:4)
  2 orc priests (D:4)
  4 hounds
  Jessica (D:3)
  7 orc wizards
  3 iguanas
  10 adders
  A shadow imp (D:5)
  2 white imps (D:4)
  An ufetubus (D:5)
  2 worms
  2 dart slugs
  10 orcs
  8 ball pythons
  A bat (D:3)
  9 endoplasms
  3 giant cockroaches
  6 goblins
  7 hobgoblins
  4 jackals
  3 quokkas
  3 frilled lizards
  9 kobolds
  4 rats
118 creatures vanquished.

Notes
Turn   | Place    | Note
-------+----------+-------------------------------------------
     0 | D:1      | avis the Demigod Ice Elementalist began the quest for the
                  | Orb.
     0 | D:1      | Reached XP level 1. HP: 14/14 MP: 5/5
   213 | D:1      | Reached skill level 4 in Ice Magic
   670 | D:1      | Reached XP level 2. HP: 20/20 MP: 5/7
  1094 | D:2      | Found the +1 Delatra's gloves {ID++}
  1190 | D:2      | Reached skill level 1 in Fighting
  1241 | D:2      | Reached XP level 3. HP: 23/28 MP: 4/8
  1463 | D:2      | Learned a level 3 spell: Ozocubu's Armour
  2446 | D:3      | Noticed Jessica
  2463 | D:3      | Killed Jessica
  2464 | D:3      | Reached skill level 5 in Ice Magic
  2464 | D:3      | Reached XP level 4. HP: 28/35 MP: 3/10
  2570 | D:3      | Found Xodwi's Magic Scroll Boutique.
  2625 | D:3      | Noticed Sigmund
  2639 | D:3      | Killed Sigmund
  2640 | D:3      | Reached XP level 5. HP: 40/40 MP: 5/12
  3246 | D:4      | Reached skill level 6 in Ice Magic
  3248 | D:4      | Reached XP level 6. HP: 40/48 MP: 7/13
  3363 | D:4      | Learned a level 3 spell: Frozen Ramparts
  3914 | D:4      | Reached XP level 7. HP: 23/55 MP: 9/14
  3999 | D:4      | Reached skill level 7 in Ice Magic
  4360 | D:4      | Reached skill level 1 in Unarmed Combat
  4945 | D:5      | Entered Level 5 of the Dungeon
  5049 | D:5      | Reached skill level 1 in Ranged Weapons
  5270 | D:5      | Reached XP level 8. HP: 57/63 MP: 15/15
  5644 | D:5      | Noticed Blork the orc
  5656 | D:5      | Killed Blork the orc
  5671 | D:5      | Reached skill level 5 in Ranged Weapons
  6032 | D:5      | Noticed Pikel
  6036 | D:5      | Gained mutation: You are frail. (-10% HP) [potion of
                  | mutation]
  6036 | D:5      | Gained mutation: You are dopey. (Int -2) [potion of
                  | mutation]
  6036 | D:5      | Gained mutation: Your system is resistant to poisons.
                  | (rPois) [potion of mutation]
  6036 | D:5      | Gained mutation: You possess an exceptional clarity of
                  | mind. [potion of mutation]
  6041 | D:5      | Slain by Pikel

Illustrated notes

Levels and vault maps discovered:
D:1:      dpeg_arrival_shelter, layout_basic,
          shapermc_ecumenical_altar_starsandcircs
D:2:      layout_basic, serial_corexii_hall, corexii_hall_statues_deadend,
          corexii_hall_statues_i, corexii_hall_statues_u,
          chequers_hall_statues_corner_a, chequers_hall_statues_y,
          corexii_hall_statues_deadend, lemuel_flame_loot_1
D:3:      layout_loops_ring, evilmike_ruin_ashenzari, serial_shops, shop,
          uniq_sigmund, uniq_jessica
D:4:      minmay_bubble_buster, layout_cave_pools,
          nicolae_qazlal_eye_of_the_storm, makhleb_blood_cavern_becter,
          nzn_random_ring
D:5:      layout_basic, minitemple, minmay_manual_moon, uniq_blork_the_orc,
          uniq_pikel

Skill      XL: |  1  2  3  4  5  6  7  8 |
---------------+-------------------------+-----
Ice Magic      | 4 5 6 7 |  7.0
Spellcasting   | 2 3 |  3.0
Stealth        | 2 3 |  3.0
Fighting       | 1 2 3 |  3.0
Dodging        | 2 |  2.0
Unarmed Combat | 3 |  3.0
Ranged Weapons | 3 5 |  5.4

Action                   |  1- 3 |  4- 6 |  7- 9 || total
-------------------------+-------+-------+-------++-------
Melee: Hand axe          |     5 |       |       ||     5
       Short sword       |     3 |     4 |       ||     7
       Rapier            |       |    56 |    52 ||   108
 Fire: Shortbow          |       |       |   142 ||   142
 Cast: Freeze            |    52 |    34 |    27 ||   113
       Ozocubu's Armour  |       |     6 |    26 ||    32
  Use: Potion            |       |     5 |     1 ||     6
 Stab: Sleeping          |     5 |     3 |       ||     8
Armor: Robe              |     7 |    44 |    51 ||   102
       Skin              |       |     1 |       ||     1
Dodge: Dodged            |    18 |    87 |    94 ||   199

Table legend: (Time is in decaauts)
 A = Elapsed time spent in this place.
 B = Non-inter-level travel time spent in this place.
 C = Inter-level travel time spent in this place.
 D = Time resting spent in this place.
 E = Time spent auto-exploring this place.
 F = Levels seen in this place.
 G = Mean time per level.
                   A        B        C        D        E       F      G
               +--------+--------+--------+--------+--------+-----+--------+
         Total |   6109 |   5558 |    551 |   1954 |   2114 |   5 | 1221.8 |
       Dungeon |   6109 |   5558 |    551 |   1954 |   2114 |   5 | 1221.8 |
               +--------+--------+--------+--------+--------+-----+--------+

Top non-repeatable levels by time:
     D:4: 1942 daAuts
     D:1: 1113 daAuts
     D:3: 1059 daAuts
     D:5: 1050 daAuts
     D:2: 944 daAuts
